HBL
NAPERVILLE LAZY FISHERMAN @ OMAHA STORM CHASERS
05/11/1997
 
TOP OF THE 1ST
Naperville Lazy Fisherman batting - Pitching for Omaha Storm Chasers : LHP Carlos Pulido
Pitching: LHP Carlos Pulido
Batting: SHB Denny Hocking 0-0: Ball
1-0: Ball
2-0: Called Strike
2-1: Foul Ball, location: 2F
2-2: Fly out, F7 (Line Drive, 7, EV 97.5 MPH)
Batting: RHB Gary Disarcina 0-0: Ball
1-0: Swinging Strike
1-1: Reached on error, E6 (Groundball, 56, EV 77.5 MPH)
Batting: RHB Jeffrey Hammonds 0-0: Ball
1-0: Fly out, F9 (Flyball, 9, EV 93.1 MPH)
Batting: SHB Felipe Crespo 0-0: Called Strike
0-1: Swinging Strike
0-2: Strikes out swinging
Top of the 1st over - 0 runs, 0 hits, 1 error, 1 left on base; Naperville 0 - Omaha 0
BOTTOM OF THE 1ST
Omaha Storm Chasers batting - Pitching for Naperville Lazy Fisherman : RHP Robert Person
Pitching: RHP Robert Person
Batting: RHB Roberto Mejia 0-0: Ball
1-0: Ground out U3 (Groundball, 3, EV 91.3 MPH)
Batting: RHB Eduardo Perez 0-0: Called Strike
0-1: Ball
1-1: Ball
2-1: Ball
3-1: Base on Balls
Batting: RHB Matt Mieske 0-0: Ball
1-0: Ball
Wild Pitch!
Eduardo Perez to second
2-0: SINGLE (Line Drive, 34D, EV 110.6 MPH)
Eduardo Perez to third
Batting: RHB Hensley Meulens 0-0: SINGLE (Groundball, 5D, EV 101.9 MPH)
Eduardo Perez scores
Matt Mieske to second
Batting: SHB Javier Valentin 0-0: Foul Ball, location: 2F
0-1: Fly out, F8 (Line Drive, 8LM, EV 88.8 MPH)
Batting: RHB Riccardo Ingram 0-0: Ball
1-0: Foul Ball, location: 2F
1-1: Ball
2-1: Foul Ball, location: 2F
2-2: Ball
3-2: Base on Balls
Matt Mieske to third
Hensley Meulens to second
Batting: SHB Pablo Martinez 0-0: Ball
1-0: Ball
2-0: Called Strike
2-1: Swinging Strike
2-2: Foul Ball, location: 2F
2-2: Ball
3-2: Base on Balls
Matt Mieske scores
Hensley Meulens to third
Riccardo Ingram to second
Batting: RHB Henry Blanco 0-0: Ball
1-0: Foul Ball, location: 2F
1-1: Called Strike
1-2: Ground out 6-3 (Groundball, 4M, EV 86.3 MPH)
Bottom of the 1st over - 2 runs, 2 hits, 0 errors, 3 left on base; Naperville 0 - Omaha 2
TOP OF THE 2ND
Naperville Lazy Fisherman batting - Pitching for Omaha Storm Chasers : LHP Carlos Pulido
Batting: RHB Craig Worthington 0-0: Ball
1-0: Foul Ball, location: 2F
1-1: Fly out, F3 (Popup, 34, EV 66.9 MPH)
Batting: RHB David Bell 0-0: Called Strike
0-1: Called Strike
0-2: Ball
1-2: SOLO HOME RUN (Flyball, 78XD, EV 98.8 MPH), Distance : 400 ft
Batting: RHB Gary Bennett 0-0: Called Strike
0-1: Ball
1-1: Ball
2-1: Ball
3-1: Base on Balls
Batting: LHB Matt Luke 0-0: Called Strike
0-1: SINGLE (Line Drive, 56D, EV 107.5 MPH)
Gary Bennett to second
Batting: LHB Dan Peltier 0-0: Called Strike
0-1: Ball
1-1: Ball
2-1: Swinging Strike
2-2: Fly out, F8 (Flyball, 8LD, EV 97.5 MPH)
Batting: SHB Denny Hocking 0-0: Ball
1-0: Called Strike
1-1: Swinging Strike
1-2: Ball
2-2: Strikes out swinging
Top of the 2nd over - 1 run, 2 hits, 0 errors, 2 left on base; Naperville 1 - Omaha 2
BOTTOM OF THE 2ND
Omaha Storm Chasers batting - Pitching for Naperville Lazy Fisherman : RHP Robert Person
Batting: SHB Kerwin Moore 0-0: Called Strike
0-1: Foul Ball, location: 2F
0-2: Strikes out swinging
Batting: RHB Roberto Mejia 0-0: Foul Ball, location: 2F
0-1: Foul Ball, location: 2F
0-2: Ball
1-2: Ball
2-2: SINGLE (Line Drive, 4D, EV 94.4 MPH)
Batting: RHB Eduardo Perez 0-0: Called Strike
0-1: Swinging Strike
0-2: Strikes out swinging
Batting: RHB Matt Mieske 0-0: Ball
1-0: Fly out, F9 (Flyball, 89S, EV 82.5 MPH)
Bottom of the 2nd over - 0 runs, 1 hit, 0 errors, 1 left on base; Naperville 1 - Omaha 2
TOP OF THE 3RD
Naperville Lazy Fisherman batting - Pitching for Omaha Storm Chasers : LHP Carlos Pulido
Batting: RHB Gary Disarcina 0-0: Ball
1-0: SINGLE (Flyball, 89M, EV 92.5 MPH)
Batting: RHB Jeffrey Hammonds 0-0: Ball
1-0: Foul Ball, location: 2F
1-1: Ball
2-1: Ball
3-1: Base on Balls
Gary Disarcina to second
Batting: SHB Felipe Crespo 0-0: Ball
1-0: Foul Ball, location: 2F
1-1: Swinging Strike
1-2: Foul Ball, location: 2F
1-2: Strikes out looking
Batting: RHB Craig Worthington 0-0: Called Strike
0-1: Foul Ball, location: 2F
0-2: Grounds into double play, 6-4-3 (Groundball, 6, EV 86.3 MPH)
Top of the 3rd over - 0 runs, 1 hit, 0 errors, 1 left on base; Naperville 1 - Omaha 2
BOTTOM OF THE 3RD
Omaha Storm Chasers batting - Pitching for Naperville Lazy Fisherman : RHP Robert Person
Batting: RHB Hensley Meulens 0-0: Foul Ball, location: 2F
0-1: Ball
1-1: Foul Ball, location: 2F
1-2: Ball
2-2: Foul Ball, location: 2F
2-2: DOUBLE (Line Drive, 89D, EV 103.1 MPH)
Batting: SHB Javier Valentin 0-0: Ball
1-0: Called Strike
1-1: Ball
2-1: Foul Ball, location: 2F
2-2: Fly out, F8 (Flyball, 8RM, EV 94.4 MPH)
Batting: RHB Riccardo Ingram 0-0: Ball
1-0: Called Strike
1-1: Swinging Strike
1-2: Ball
2-2: Ball
3-2: Strikes out looking
Batting: SHB Pablo Martinez 0-0: Called Strike
0-1: Foul Ball, location: 2F
0-2: Foul Ball, location: 2F
0-2: Strikes out swinging
Bottom of the 3rd over - 0 runs, 1 hit, 0 errors, 1 left on base; Naperville 1 - Omaha 2
TOP OF THE 4TH
Naperville Lazy Fisherman batting - Pitching for Omaha Storm Chasers : LHP Carlos Pulido
Batting: RHB David Bell 0-0: SINGLE (Line Drive, 8RS, EV 92.5 MPH)
Batting: RHB Gary Bennett 0-0: Grounds into double play, 5-4-3 (Groundball, 56S, EV 84.4 MPH)
Batting: LHB Matt Luke 0-0: Called Strike
0-1: Ball
1-1: Ball
2-1: Ball
3-1: Fly out, F7 (Flyball, 78S, EV 95.0 MPH)
Top of the 4th over - 0 runs, 1 hit, 0 errors, 0 left on base; Naperville 1 - Omaha 2
BOTTOM OF THE 4TH
Omaha Storm Chasers batting - Pitching for Naperville Lazy Fisherman : RHP Robert Person
Batting: RHB Henry Blanco 0-0: Ball
1-0: Ball
2-0: Called Strike
2-1: Called Strike
2-2: Ball
3-2: Foul Ball, location: 2F
3-2: Foul Ball, location: 2F
3-2: Strikes out looking
Batting: SHB Kerwin Moore 0-0: Ball
1-0: Called Strike
1-1: Ball
2-1: Foul Ball, location: 2F
2-2: Strikes out swinging
Batting: RHB Roberto Mejia 0-0: Called Strike
0-1: Ball
1-1: Ball
2-1: Swinging Strike
2-2: Ball
3-2: Strikes out swinging
Bottom of the 4th over - 0 runs, 0 hits, 0 errors, 0 left on base; Naperville 1 - Omaha 2
TOP OF THE 5TH
Naperville Lazy Fisherman batting - Pitching for Omaha Storm Chasers : LHP Carlos Pulido
Batting: LHB Dan Peltier 0-0: Ball
1-0: Swinging Strike
1-1: Called Strike
1-2: Strikes out swinging
Batting: SHB Denny Hocking 0-0: Foul Ball, location: 2F
0-1: Foul Ball, location: 2F
0-2: Ball
1-2: Foul Ball, location: 2F
1-2: Ball
2-2: Strikes out swinging
Batting: RHB Gary Disarcina 0-0: Called Strike
0-1: Ball
1-1: Foul Ball, location: 2F
1-2: Ball
2-2: Foul Ball, location: 2F
2-2: Ball
3-2: Foul Ball, location: 2F
3-2: Foul Ball, location: 2F
3-2: Base on Balls
Batting: RHB Jeffrey Hammonds 0-0: Foul Ball, location: 2F
0-1: Ball
1-1: Ball
2-1: Swinging Strike
2-2: Fly out, F8 (Flyball, 8RM, EV 83.1 MPH)
Top of the 5th over - 0 runs, 0 hits, 0 errors, 1 left on base; Naperville 1 - Omaha 2
BOTTOM OF THE 5TH
Omaha Storm Chasers batting - Pitching for Naperville Lazy Fisherman : RHP Robert Person
Pitching: LHP Dennys Reyes
Batting: RHB Eduardo Perez 0-0: Swinging Strike
0-1: Swinging Strike
0-2: Ball
1-2: Ball
2-2: Foul Ball, location: 2F
2-2: Foul Ball, location: 2F
2-2: Fly out, F9 (Line Drive, 9D, EV 83.8 MPH)
Batting: RHB Matt Mieske 0-0: Ball
1-0: Called Strike
1-1: Foul Ball, location: 2F
1-2: Strikes out looking
Batting: RHB Hensley Meulens 0-0: Foul Ball, location: 2F
0-1: Fly out, F8 (Flyball, 8RM, EV 76.3 MPH)
Bottom of the 5th over - 0 runs, 0 hits, 0 errors, 0 left on base; Naperville 1 - Omaha 2
TOP OF THE 6TH
Naperville Lazy Fisherman batting - Pitching for Omaha Storm Chasers : LHP Carlos Pulido
Batting: SHB Felipe Crespo 0-0: Ball
1-0: Foul Ball, location: 2F
1-1: Foul Ball, location: 2F
1-2: Ball
2-2: Ball
3-2: Base on Balls
Batting: RHB Craig Worthington 0-0: Called Strike
0-1: Called Strike
0-2: Fielders Choice at 2nd, 4-6 (Groundball, 4M, EV 110.0 MPH)
Batting: RHB David Bell 0-0: Called Strike
0-1: Foul Ball, location: 2F
0-2: Fly out, F7 (Line Drive, 7, EV 92.5 MPH)
Batting: RHB Gary Bennett 0-0: Ground out 4-3 (Groundball, 4, EV 82.5 MPH)
Top of the 6th over - 0 runs, 0 hits, 0 errors, 1 left on base; Naperville 1 - Omaha 2
BOTTOM OF THE 6TH
Omaha Storm Chasers batting - Pitching for Naperville Lazy Fisherman : LHP Dennys Reyes
Batting: SHB Javier Valentin 0-0: Called Strike
0-1: Foul Ball, location: 2F
0-2: Ball
1-2: Ball
2-2: Ball
3-2: Strikes out swinging
Batting: RHB Riccardo Ingram 0-0: Ground out U3 (Groundball, 34, EV 101.3 MPH)
Batting: SHB Pablo Martinez 0-0: Ball
1-0: Called Strike
1-1: Ball
2-1: SINGLE (Line Drive, 7S, EV 95.6 MPH)
Batting: RHB Henry Blanco 0-0: Ball
1-0: Called Strike
1-1: Ball
2-1: SINGLE (Line Drive, 8LS, EV 90.6 MPH)
Pablo Martinez to second
Batting: SHB Kerwin Moore 0-0: Ground out 4-3 (Groundball, 4D, EV 104.4 MPH)
Bottom of the 6th over - 0 runs, 2 hits, 0 errors, 2 left on base; Naperville 1 - Omaha 2
TOP OF THE 7TH
Naperville Lazy Fisherman batting - Pitching for Omaha Storm Chasers : LHP Carlos Pulido
Batting: LHB Matt Luke 0-0: Swinging Strike
0-1: Swinging Strike
0-2: Fly out, F7 (Flyball, 78M, EV 96.9 MPH)
Batting: LHB Dan Peltier 0-0: Ground out 1-3 (Groundball, 15S, EV 75.0 MPH)
Batting: SHB Denny Hocking 0-0: Ball
1-0: Ground out 6-3 (Groundball, 6, EV 106.9 MPH)
Top of the 7th over - 0 runs, 0 hits, 0 errors, 0 left on base; Naperville 1 - Omaha 2
BOTTOM OF THE 7TH
Omaha Storm Chasers batting - Pitching for Naperville Lazy Fisherman : LHP Dennys Reyes
Batting: RHB Roberto Mejia 0-0: Ground out 4-3 (Groundball, 4, EV 78.8 MPH)
Batting: RHB Eduardo Perez 0-0: Swinging Strike
0-1: Foul Ball, location: 2F
0-2: Ball
1-2: Foul Ball, location: 2F
1-2: Strikes out looking
Batting: RHB Matt Mieske 0-0: Swinging Strike
0-1: Ball
1-1: SINGLE (Groundball, 56D, EV 93.8 MPH)
Batting: RHB Hensley Meulens 0-0: Ball
1-0: Foul Ball, location: 2F
1-1: Ball
2-1: Foul Ball, location: 2F
2-2: Fielders Choice at 2nd, 5-4 (Groundball, 56, EV 80.6 MPH)
Bottom of the 7th over - 0 runs, 1 hit, 0 errors, 1 left on base; Naperville 1 - Omaha 2
TOP OF THE 8TH
Naperville Lazy Fisherman batting - Pitching for Omaha Storm Chasers : LHP Carlos Pulido
Pitching: RHP Matt Turner
Batting: RHB Gary Disarcina 0-0: Ground out 6-3 (Groundball, 56S, EV 66.3 MPH)
Batting: RHB Jeffrey Hammonds 0-0: Ball
1-0: Foul Ball, location: 2F
1-1: Foul Ball, location: 2F
1-2: Ball
2-2: Foul Ball, location: 2F
2-2: Foul Ball, location: 2F
2-2: Ball
3-2: Strikes out swinging
Batting: SHB Felipe Crespo 0-0: Foul Ball, location: 2F
0-1: Swinging Strike
0-2: Strikes out swinging
Top of the 8th over - 0 runs, 0 hits, 0 errors, 0 left on base; Naperville 1 - Omaha 2
BOTTOM OF THE 8TH
Omaha Storm Chasers batting - Pitching for Naperville Lazy Fisherman : LHP Dennys Reyes
Batting: SHB Javier Valentin 0-0: Ball
1-0: Ball
2-0: Called Strike
2-1: Foul Ball, location: 2F
2-2: Foul Ball, location: 2F
2-2: Foul Ball, location: 2F
2-2: Foul Ball, location: 2F
2-2: Fly out, F3 (Popup, 3S, EV 84.4 MPH)
Batting: RHB Riccardo Ingram 0-0: Foul Ball, location: 2F
0-1: Ball
1-1: Ball
2-1: Ground out 4-3 (Groundball, 4, EV 87.5 MPH)
Batting: SHB Pablo Martinez 0-0: Fly out, F7 (Line Drive, 7, EV 90.6 MPH)
Bottom of the 8th over - 0 runs, 0 hits, 0 errors, 0 left on base; Naperville 1 - Omaha 2
TOP OF THE 9TH
Naperville Lazy Fisherman batting - Pitching for Omaha Storm Chasers : RHP Matt Turner
Pitching: LHP Tony J. Castillo
Batting: RHB Craig Worthington 0-0: Ground out 6-3 (Groundball, 6, EV 91.3 MPH)
Batting: RHB David Bell 0-0: Called Strike
0-1: Foul Ball, location: 2F
0-2: Foul Ball, location: 2F
0-2: SINGLE (Groundball, 6MD, EV 102.5 MPH)
Batting: RHB Gary Bennett 0-0: DOUBLE (Line Drive, 78XD, EV 105.0 MPH)
David Bell to third
Pinch Hitting: RHB Kent Anderson 0-0: Intentional Walk
Pinch Hitting: RHB Juan Castro 0-0: Foul Ball, location: 2F
0-1: Swinging Strike
0-2: Grounds into fielders choice 2-2 (Groundball, 2R, EV 68.8 MPH)
Gary Bennett to third
Kent Anderson to second
Batting: SHB Denny Hocking 0-0: Ball
1-0: Ball
2-0: Swinging Strike
2-1: Foul Ball, location: 2F
2-2: Fly out, F8 (Flyball, 8LS, EV 79.4 MPH)
Top of the 9th over - 0 runs, 2 hits, 0 errors, 3 left on base; Naperville 1 - Omaha 2
Monday, February 9th, 2026 - OOTP Baseball 20.8 Build 74